 Dungeon Sprint DCSS version 0.23.0-3-gf3c87f2 (webtiles) character file.

Game seed: 12200966033066170504

566584 theswoord the End of an Era (level 21, 244/244 HPs)
             Began as a Demonspawn Wizard on Feb 20, 2019.
             Was the Champion of Qazlal.
             Escaped with the Orb!
             The game lasted 00:41:29 (4686 turns).

theswoord the End of an Era (Demonspawn Wizard)     Turns: 4686, Time: 00:41:29

Health: 244/244    AC:  8    Str:  6    XL:     21   Next: 7%
Magic:  45/45      EV: 25    Int: 28    God:    Qazlal [******]
Gold:   0          SH: 51    Dex: 13    Spells: 42/61 levels left

rFire    . . .     SeeInvis +   F - staff of conjuration
rCold    . . .     Gourm    .   y - +18 shield of the Gong {rElec rN+ MR+ EV-5}
rNeg     + . .     Faith    .   a - +0 robe
rPois    .         Spirit   +   J - +0 mask of the Dragon {MR+ Slay+3 SInv}
rElec    +         Reflect  +   (no cloak)
rCorr    .         Harm     .   (no gloves)
MR       +++..     NoTele   +   (boots unavailable)
Stlth    +.........             G - brooch of Shielding {Reflect SH+8}
HPRegen  0.50/turn              E - +4 ring of protection
MPRegen  0.58/turn              i - ring of Shadows {Umbra +Inv Stlth+}

@: swift, wreathed by umbra, studying 4 skills, repel missiles, very quick
A: hooves 3, nightstalker 3, robust 2, weak 1, magic shield, magic regeneration,
magic link, sturdy frame 2
0: Orb of Zot
a: Upheaval, Elemental Force, Disaster Area, Renounce Religion, Evoke
Invisibility


You escaped.
You worshipped Qazlal.
Qazlal was exalted by your worship.
You were not hungry.

You visited 1 branch

Inventory:

Armour
 a - a +0 robe (worn)
 b - a +0 hat
 y - the +18 shield of the Gong (worn) {rElec rN+ MR+ EV-5}
   (You found it in the Dungeon)

   It affects your evasion (-5).
   It insulates you from electricity.
   It protects you from negative energy.
   It affects your resistance to hostile enchantments.
 J - the +0 mask of the Dragon (worn) {MR+ Slay+3 SInv}
   (You found it in the Dungeon)

   It affects your accuracy and damage with ranged weapons and melee attacks
   (+3).
   It affects your resistance to hostile enchantments.
   It lets you see invisible.
 K - a +2 robe of fire resistance
 L - a +1 crystal plate armour
 M - a +0 pair of boots of running
 N - the +0 pair of boots of the Pirate {rF+ rCorr}
   (You found it in the Dungeon)

   It protects you from fire.
   It provides partial protection from all sources of acid and corrosion.
 Q - a +0 robe of cold resistance
 S - the +2 helmet "Daukec Wiw" {MR+ Regen+}
   (You found it in the Dungeon)

   It affects your resistance to hostile enchantments.
   It increases your rate of regeneration.
 T - a +2 robe of resistance
 V - a +1 pair of gloves of archery
Magical Staves
 C - an uncursed staff of energy
 F - an uncursed staff of conjuration (weapon)
Jewellery
 i - the ring of Shadows (right hand) {Umbra +Inv Stlth+}
   (You found it in the Dungeon)

   [ring of stealth]

   It lets you turn invisible.
   It makes you more stealthy.
 A - a +6 ring of intelligence
 B - a +6 ring of intelligence
 E - a +4 ring of protection (left hand)
 G - the brooch of Shielding (around neck) {Reflect SH+8}
   (You found it in the Dungeon)

   [amulet of reflection]

   It shields you and reflects attacks.
   It affects your SH (+8).
Wands
 v - a wand of disintegration (7)
 w - a wand of iceblast (7)
 x - a wand of acid (7)
Scrolls
 j - 4 scrolls of blinking
 k - 4 scrolls of enchant weapon
 p - 4 scrolls of amnesia
 q - 8 scrolls of fog
 r - 3 scrolls of holy word
 s - 5 scrolls of identify
 t - 5 scrolls of remove curse
 u - 2 scrolls of fear
 H - 18 scrolls of brand weapon
 O - 4 scrolls of enchant armour
Potions
 c - 2 potions of brilliance
 e - 9 potions of curing
 f - 13 potions of heal wounds
 g - 7 potions of haste
 h - 3 potions of magic
 l - a potion of resistance
 n - 2 potions of agility
 o - 2 potions of might
Books
 m - a manual of Long Blades
 I - a manual of Axes
 P - a manual of Slings
 U - a manual of Crossbows
Miscellaneous
 z - a lightning rod (4/4)
 D - a crystal ball of energy
Comestibles
 d - 11 rations


   Skills:
 O Level 27 Fighting
 + Level 17.3 Staves
 O Level 27 Armour
 O Level 27 Dodging
 - Level 1.7 Stealth
 O Level 27 Shields
 + Level 20.8 Spellcasting
 - Level 20.9 Conjurations
 + Level 16.3 Charms
 + Level 24.3 Summonings
   Level 15.0 Necromancy
 - Level 0.8 Translocations
 O Level 27 Invocations


You had 42 spell levels left.
You knew the following spells:

 Your Spells              Type           Power        Failure   Level  Hunger
a - Magic Dart            Conj           ####         0%          1    None
b - Conjure Flame         Conj/Fire      #######.     1%          3    None
c - Teleport Other        Tloc           ####....     2%          3    None
d - Summon Small Mammal   Summ           ####         0%          1    None
e - Spellforged Servitor  Conj/Summ      ########..   1%          7    ###....
f - Swiftness             Chrm/Air       ######..     1%          2    None
g - Blink                 Tloc           N/A          1%          2    None

Your spell library contained the following spells:

 Spells                   Type           Power        Failure   Level  Hunger
 Animate Skeleton         Necr           N/A          0%          1    None
 Summon Butterflies       Summ           ########     0%          1    None
 Call Imp                 Summ           ########     0%          2    None
 Call Canine Familiar     Summ           ########     0%          3    None
 Shadow Creatures         Summ           N/A          0%          6    None
 Apportation              Tloc           ####..       1%          1    None
 Beastly Appendage        Tmut           ####..       1%          1    None
 Confusing Touch          Hex            ####..       1%          1    None
 Corona                   Hex            ####...      1%          1    None
 Flame Tongue             Conj/Fire      #####        1%          1    None
 Freeze                   Ice            ####         1%          1    None
 Shock                    Conj/Air       ####         1%          1    None
 Ensorcelled Hibernation  Hex/Ice        ####..       1%          2    None
 Passwall                 Tmut/Erth      ####....     1%          2    None
 Shroud of Golubria       Chrm/Tloc      ######....   1%          2    None
 Slow                     Hex            ####....     1%          2    None
 Throw Flame              Conj/Fire      ######       1%          2    None
 Throw Frost              Conj/Ice       ######       1%          2    None
 Dazzling Spray           Conj/Hex       ######       1%          3    None
 Mephitic Cloud           Conj/Pois/Air  #######.     1%          3    None
 Ozocubu's Armour         Chrm/Ice       ######..     1%          3    None
 Recall                   Summ/Tloc      N/A          1%          3    None
 Stone Arrow              Conj/Erth      ######       1%          3    None
 Summon Guardian Golem    Hex/Summ       #######.     1%          3    None
 Force Lance              Conj/Tloc      #######.     1%          4    None
 Sticky Flame             Conj/Fire      #######.     1%          4    None
 Summon Ice Beast         Ice/Summ       #######.     1%          4    None
 Summon Lightning Spire   Summ/Air       #######.     1%          4    None
 Bolt of Magma            Conj/Fire/Erth #######...   1%          5    None
 Borgnjor's Vile Clutch   Necr/Erth      ######....   1%          5    None
 Excruciating Wounds      Chrm/Necr      #######...   1%          5    None
 Fireball                 Conj/Fire      #######...   1%          5    None
 Irradiate                Conj/Tmut      #######...   1%          5    None
 Iskenderun's Battlesphe  Conj/Chrm      ########     1%          5    None
 Summon Mana Viper        Hex/Summ       #######.     1%          5    None
 Venom Bolt               Conj/Pois      #######...   1%          5    None
 Monstrous Menagerie      Summ           ########..   1%          7    ###....
 Orb of Destruction       Conj           ########..   1%          7    ###....
 Summon Greater Demon     Summ           ########..   1%          7    ###....
 Summon Hydra             Summ           ########..   1%          7    ###....
 Summon Horrible Things   Summ           ########..   1%          8    #####..
 Gell's Gravitas          Tloc           ####......   2%          3    None
 Lesser Beckoning         Tloc           ####......   2%          3    None
 Bolt of Fire             Conj/Fire      #######...   2%          6    None
 Iron Shot                Conj/Erth      #######...   2%          6    None
 Portal Projectile        Hex/Tloc       ####..       3%          3    None
 Confuse                  Hex            ####....     4%          3    None
 Ignite Poison            Fire/Tmut/Pois ####....     4%          3    None
 Inner Flame              Hex/Fire       ####....     4%          3    None
 Tukima's Dance           Hex            ####....     4%          3    None
 Malign Gateway           Summ/Tloc      #######...   6%          7    ###....
 Dragon's Call            Summ           ########..   6%          9    ######.
 Freezing Cloud           Conj/Ice/Air   #######...   12%         6    None
 Airstrike                Air            ####......   13%         4    None
 Cause Fear               Hex            ####......   13%         4    None
 Leda's Liquefaction      Hex/Erth       ####......   13%         4    None
 Lee's Rapid Deconstruct  Erth           ####......   36%         5    None
 Silence                  Hex/Air        ####......   36%         5    None
 Ring of Flames           Chrm/Fire      ######....   36%         7    ###....
 Dispersal                Tloc           ####......   82%         6    None
 Darkness                 Hex            ####......   90%         6    None
 Hydra Form               Tmut           ####......   90%         6    None
 Invisibility             Hex            ####....     90%         6    None
 Statue Form              Tmut/Erth      ####.....    90%         6    None
 Dragon Form              Tmut           ####......   100%        7    ###....
 Controlled Blink         Tloc           N/A          100%        8    #####..
 Disjunction              Tloc           ####......   100%        8    #####..
 Ignition                 Fire           ####......   100%        8    #####..
 Passage of Golubria      Tloc           Unusable     N/A         4    N/A

Dungeon Overview and Level Annotations

Branches:
Dungeon (1/1)

Altars:
Ashenzari
Cheibriados
Dithmenos
Elyvilon
Fedhas
Gozag
Hepliaklqana
Kikubaaqudgha
Makhleb
Nemelex Xobeh
Okawaru
Qazlal
Ru
Sif Muna
Trog
Uskayaw
Vehumet
Wu Jian
Xom
Yredelemnul
Zin
The Shining One
Beogh
Jiyva
Lugonu


Innate Abilities, Weirdness & Mutations

You have hooves in place of feet.
You are completely attuned to the shadows.
You are very robust. (+20% HP)
When hurt, damage is shared between your health and your magic reserves.
You regenerate magic rapidly.
When low on magic, you restore magic in place of health.
Your movements are less encumbered by armour. (ER -4)
You are weak. (Str -2)


Message History

Key pressed, stopping explore.
All of the chunks of flesh in your inventory have rotted away.
Partly explored, unvisited transporter.
Partly explored, unvisited transporter.
There is a transporter here.
You feel quick. An exit appears before you!
You enter the transporter and appear at another place.
Found the Orb of Zot.
Found a staircase leading out of the dungeon.
You see here the Orb of Zot.
You pick up the Orb of Zot!
The Orb lets out a hideous shriek!
The lords of Pandemonium are not amused.
Beware!
Now all you have to do is get back out of the dungeon!
There is a staircase leading out of the dungeon here.
There are no items here.
Wear which item? (? for menu, Esc to quit)
Okay, then.
You can't go down here!
You have escaped!

.):.........▓..▓.......▓ ▓...8©8
.÷..........▓.▓▓▓.....▓▓ ▓.|)"=}
..))........▓ .▓.......▓. ▓....)[
)†.)........▓ ........... ▓...)..
).....).....▓......©...≈. ▓......
...)........▓▓▓▓▓▓▓▓▓▓▓▓▓▓▓......
▓)......▓...▓8888888888888▓......
▓▓.)...▓▓▓..▓8.○§§.......8▓..▓...
▓.......▓. ▓8.§@.....©..8▓.▓....
.......... ▓8.§...°.....8▓..≈.©.
....©..... ▓8888888888888▓▓▓▓▓▓▓
▓▓▓▓▓▓▓▓▓▓▓▓▓▓▓▓▓▓▓▓▓▓▓▓▓▓▓▓▓▓▓▓▓
.....8©8........▓...)..."8©8.....
}.}}.)[:[|):[|:.▓.[[|....|.)):|[)
[.)..=}))|.:).|.▓.|:.[......[.[:|
|..)=}.)))).|:..▓.|...}.."..|.}}.
......[.).......▓..†...=.=.)†....


There were no monsters in sight!

Vanquished Creatures
  2 juggernauts (shapeshifter) (D)
  30 pandemonium lords (D)
  3 shard shrikes (shapeshifter) (D)
  3 liches (D)
  An Ice Fiend (D)
  4 titans (shapeshifter) (D)
  10 deep elf blademasters (D)
  7 deep elf master archers (D)
  A tentacled starspawn (D)
  An Executioner (D)
  An acid blob (D)
  A shadow dragon (shapeshifter) (D)
  A warmonger (D)
  5 ghost moths (D)
  13 deep elf sorcerers (D)
  A cacodemon (D)
  2 balrugs (D)
  An emperor scorpion (D)
  7 reapers (D)
  10 spriggan defenders (D)
  2 ghouls (D)
  3 entropy weavers (D)
  2 vampire knights (D)
  3 black suns (D)
  A lorocyproca (D)
  5 deep elf annihilators (D)
  A dire elephant (D)
  A spark wasp (D)
  An ettin (shapeshifter) (D)
  2 blizzard demons (D)
  2 green deaths (D)
  6 deep elf high priests (D)
  3 fire dragons (D)
  6 spriggan air magi (D)
  An ice dragon (shapeshifter) (D)
  2 shambling mangroves (D)
  11 dancing weapons (D)
  4 hell hogs (D)
  2 vampire magi (D)
  5 spriggan berserkers (D)
  2 orc high priests (D)
  3 shock serpents (shapeshifter) (D)
  4 deep elf knights (D)
  2 spriggans (D)
  A sixfirhy (D)
  A gelid demonspawn (D)
  An unseen horror (shapeshifter) (D)
  A shadow demon (D)
  5 skeletal warriors (D)
  2 death drakes (shapeshifter) (D)
  A glowing orange brain (D)
  A spriggan druid (D)
  A glowing orange brain (shapeshifter) (D)
  A deep troll (shapeshifter) (D)
  4 deep elf archers (D)
  4 necromancers (D)
  A wolf spider (shapeshifter) (D)
  An oklob plant (D)
  7 wolf spiders (D)
  15 deep elf magi (D)
  2 orb spiders (D)
  An ugly thing (D)
  3 shining eyes (D)
  A glowing shapeshifter (D)
  A cyclops (D)
  A salamander (shapeshifter) (D)
  A shining eye (shapeshifter) (D)
  4 moths of wrath (D)
  A faun (shapeshifter) (D)
  2 elephants (shapeshifter) (D)
  An eye of devastation (shapeshifter) (D)
  5 rust devils (D)
  An orange demon (D)
  A water nymph (shapeshifter) (D)
  2 torpor snails (shapeshifter) (D)
  2 smoke demons (D)
  2 naga magi (D)
  A hellwing (D)
  4 hellions (D)
  2 rime drakes (shapeshifter) (D)
  6 tormentors (D)
  An efreet (D)
  2 dryads (D)
  2 merfolk (D)
  A komodo dragon (shapeshifter) (D)
  6 demonic crawlers (D)
  2 queen bees (shapeshifter) (D)
  A wind drake (shapeshifter) (D)
  7 ice devils (D)
  2 red devils (D)
  2 wind drakes (D)
  11 jumping spiders (D)
  14 hornets (D)
  A dream sheep (shapeshifter) (D)
  2 slime creatures (shapeshifter) (D)
  6 slime creatures (D)
  7 shadows (D)
  2 flying skulls (D)
  A hippogriff (D)
  2 ynoxinuls (D)
  An air elemental (D)
  A yak (shapeshifter) (D)
  A redback (shapeshifter) (D)
  11 redbacks (D)
  7 wraiths (D)
  2 yaks (D)
  7 tarantellas (D)
  3 water elementals (D)
  2 fire elementals (D)
  2 golden eyes (D)
  A chaos spawn (D)
  A neqoxec (D)
  A naga (D)
  A soldier ant (shapeshifter) (D)
  A swamp worm (shapeshifter) (D)
  A naga (shapeshifter) (D)
  A floating eye (shapeshifter) (D)
  2 floating eyes (D)
  6 hell hounds (D)
  3 water moccasins (D)
  A porcupine (D)
  2 orc warriors (D)
  An ice beast (D)
  A phantom (D)
  A black bear (shapeshifter) (D)
  A wolf (D)
  3 eyes of draining (D)
  2 centaurs (D)
  5 necrophages (D)
  A bullfrog (D)
  5 scorpions (D)
  9 wights (D)
  4 iron imps (D)
  8 jellies (D)
  2 orc wizards (D)
  A mummy (D)
  An adder (D)
  3 white imps (D)
  2 ufetubi (D)
  4 oozes (D)
  4 adder skeletons (D)
  10 adder zombies (D)
  5 orcs (D)
  4 bat skeletons (D)
  7 bat zombies (D)
  A jackal (D)
  A ball python (D)
  2 ball python zombies (D)
  5 giant cockroach zombies (D)
  A jackal zombie (D)
  A leopard gecko zombie (D)
  3 quokka zombies (D)
  4 butterflies (D)
  7 fire vortices (D)
  A lurking horror (D)
509 creatures vanquished.

Vanquished Creatures (collateral kills)
  A Hell Sentinel (D)
  A lich (D)
  An emperor scorpion (D)
  A reaper (D)
  A vampire knight (D)
  A fire dragon (D)
  A great orb of eyes (D)
  2 hell hogs (D)
  A skeletal warrior (D)
  A deep elf archer (D)
  A deep elf mage (D)
  A moth of wrath (D)
  An eye of devastation (D)
  A demonic crawler (D)
  2 jumping spiders (D)
  A hornet (D)
  A redback (D)
  An air elemental (D)
  2 golden eyes (D)
  A hell hound (D)
  An iron imp (D)
  An ooze (D)
  An adder zombie (D)
  A fire vortex (D)
27 creatures vanquished.

Vanquished Creatures (others)
  2 deep elf master archers (D)
  A jackal zombie (D)
3 creatures vanquished.

Grand Total: 539 creatures vanquished

Notes
Turn   | Place    | Note
-------+----------+-------------------------------------------
     0 | D        | Found the +6 Majin-Bo {vamp, Archmagi MP+6 Int+6}
     0 | D        | Found the +7 great mace "Firestarter" {inner flame, rF++}
     0 | D        | theswoord the Demonspawn Wizard began the quest for the
                  | Orb.
     0 | D        | Reached XP level 1. HP: 13/13 MP: 4/4
     0 | D        | Found a deep blue altar of Sif Muna.
     0 | D        | Found a sacrificial altar of Ru.
     0 | D        | Found a bloodstained altar of Trog.
     0 | D        | Found a stormy altar of Qazlal.
     0 | D        | Found an iron altar of Okawaru.
     0 | D        | Found a sparkling altar of Nemelex Xobeh.
     0 | D        | Found a blossoming altar of Fedhas.
     2 | D        | Found a transporter.
     2 | D        | Found an ancient bone altar of Kikubaaqudgha.
     2 | D        | Found a viscous altar of Jiyva.
     2 | D        | Found a corrupted altar of Lugonu.
     2 | D        | Found a hazy altar of Hepliaklqana.
     2 | D        | Found a burning altar of Makhleb.
     2 | D        | Found an opulent altar of Gozag.
    18 | D        | Found the +9 heavy crossbow "Sniper" {velocity, Acc+∞ SInv}
    18 | D        | Found the +10 dark maul {crush}
    18 | D        | Found the +15 Maxwell's patent armour {-Cast -Tele rElec
                  | MR+ rCorr}
    18 | D        | Found the +18 shield of the Gong {rElec rN+ MR+ EV-5}
    18 | D        | Found the cursed +14 obsidian axe {chop, +Fly SInv *Curse}
    19 | D        | Found the +6 shillelagh "Devastator" {shatter}
    19 | D        | Found the +11 plutonium sword {*Contam Stlth-}
    19 | D        | Found the +8 lance "Wyrmbane" {slay drac, rPois rF+ rC+
                  | AC+3}
    19 | D        | Found the +9 sword of Zonguldrok {reap}
    19 | D        | Found the cursed +13 scythe of Curses {drain, *Curse}
    19 | D        | Found the +0 sword of Power
    19 | D        | Found the +7 mace of Variability {chain chaos}
    19 | D        | Found the +7 Singing Sword {slice, sonic wave}
    19 | D        | Found the +7 longbow "Piercer" {penet, EV-2}
    74 | D        | Became a worshipper of Qazlal Stormbringer
    93 | D        | Entered arena 2.
    93 | D        | Noticed an iron imp
    93 | D        | Found a transporter.
   100 | D        | Gained mutation: You have large cloven feet. [demonic
                  | ancestry]
   100 | D        | Reached XP level 2. HP: 19/19 MP: 6/6
   109 | D        | Gained mutation: You are slightly more attuned to the
                  | shadows. [demonic ancestry]
   109 | D        | Reached XP level 3. HP: 24/28 MP: 5/7
   281 | D        | Entered arena 3.
   281 | D        | Noticed a rime drake
   281 | D        | Noticed a soldier ant
   281 | D        | Noticed a green ugly thing
   281 | D        | Found a transporter.
   297 | D        | Killed a soldier ant
   297 | D        | Reached * piety under Qazlal
   297 | D        | Reached skill level 5 in Fighting
   297 | D        | Gained mutation: When hurt, damage is shared between your
                  | health and your magic reserves. [demonic ancestry]
   297 | D        | Reached XP level 4. HP: 17/39 MP: 9/9
   297 | D        | Reached XP level 5. HP: 20/44 MP: 10/10
   301 | D        | Killed a rime drake
   301 | D        | Gained mutation: You regenerate magic rapidly. [demonic
                  | ancestry]
   301 | D        | Reached XP level 6. HP: 23/55 MP: 10/13
   310 | D        | Killed a green ugly thing
   310 | D        | Gained mutation: You are significantly more attuned to the
                  | shadows. [demonic ancestry]
   310 | D        | Reached XP level 7. HP: 16/64 MP: 9/15
   764 | D        | Learned a level 3 spell: Conjure Flame
   769 | D        | Entered arena 4.
   769 | D        | Noticed a golden eye
   770 | D        | Found the ring of Shadows {Umbra +Inv Stlth+}
   780 | D        | Reached ** piety under Qazlal
   790 | D        | Found a transporter.
   799 | D        | Killed a golden eye
   799 | D        | Reached XP level 8. HP: 71/71 MP: 4/17
   841 | D        | Entered arena 5.
   843 | D        | Reached *** piety under Qazlal
   854 | D        | Reached skill level 10 in Fighting
   954 | D        | Found a transporter.
   967 | D        | Entered arena 6.
   967 | D        | Noticed a slime creature
   968 | D        | Reached **** piety under Qazlal
   969 | D        | Found a transporter.
   971 | D        | Killed a slime creature
   971 | D        | Reached skill level 10 in Conjurations
  1081 | D        | Entered arena 7.
  1081 | D        | Noticed a merfolk
  1082 | D        | Noticed a merfolk
  1082 | D        | Noticed a hippogriff
  1083 | D        | Noticed a cyclops
  1084 | D        | Killed a hippogriff
  1084 | D        | Reached ***** piety under Qazlal
  1085 | D        | Killed a merfolk
  1085 | D        | Gained mutation: When low on magic, you restore magic in
                  | place of health. [demonic ancestry]
  1085 | D        | Reached XP level 9. HP: 81/81 MP: 9/19
  1087 | D        | Killed a merfolk
  1087 | D        | Reached skill level 15 in Invocations
  1088 | D        | Found a transporter.
  1105 | D        | Killed a cyclops
  1248 | D        | Entered arena 8.
  1251 | D        | Found the brooch of Shielding {Reflect SH+8}
  1251 | D        | Reached skill level 1 in Shields
  1253 | D        | Found a transporter.
  1264 | D        | Got Ysoshroe's Reference Book on Moulding and Translocation
  1270 | D        | Entered arena 9.
  1270 | D        | Noticed a jumping spider
  1271 | D        | Noticed a wolf spider
  1275 | D        | Killed a jumping spider
  1275 | D        | Killed a wolf spider
  1275 | D        | Reached XP level 10. HP: 57/90 MP: 5/22
  1426 | D        | Found the +3 warlock's mirror {reflect}
  1426 | D        | Found a transporter.
  1432 | D        | Got Rempic Bulirch's Tome of the Salmon
  1438 | D        | Entered arena 10.
  1439 | D        | Noticed a naga mage
  1439 | D        | Noticed a naga mage
  1440 | D        | Reached ****** piety under Qazlal
  1442 | D        | Killed a naga mage
  1450 | D        | Killed a naga mage
  1451 | D        | Reached skill level 5 in Shields
  1452 | D        | Found a transporter.
  1479 | D        | Entered arena 11.
  1480 | D        | Identified the +6 rapier of Cukujutim {venom, rF++}
  1484 | D        | Found a transporter.
  1503 | D        | Got the Volume of Gliding Heat
  1504 | D        | Entered arena 12.
  1505 | D        | Noticed a smoke demon
  1506 | D        | Killed a smoke demon
  1506 | D        | Gained mutation: You are weak. (Str -2) [a neqoxec]
  1506 | D        | Noticed a balrug
  1507 | D        | Killed a balrug
  1507 | D        | Noticed a tentacled starspawn
  1509 | D        | Killed a tentacled starspawn
  1509 | D        | Gained mutation: Your movements are slightly less
                  | encumbered by armour. (ER -2) [demonic ancestry]
  1509 | D        | Reached XP level 11. HP: 66/100 MP: 5/25
  1668 | D        | Found a transporter.
  1685 | D        | Entered arena 13.
  1686 | D        | Noticed a hell hog
  1686 | D        | Noticed a hell hog
  1687 | D        | Killed a hell hog
  1687 | D        | Killed a hell hog
  1690 | D        | Found a transporter.
  1712 | D        | Entered arena 14.
  1713 | D        | Noticed a reaper
  1714 | D        | Noticed a reaper
  1714 | D        | Identified the +2 chain mail of Bad Feelings {rPois rC++
                  | MR+ Dex-3}
  1714 | D        | Noticed a skeletal warrior
  1715 | D        | Killed a skeletal warrior
  1715 | D        | Killed a reaper
  1715 | D        | Reached skill level 15 in Fighting
  1715 | D        | Killed a reaper
  1715 | D        | Reached skill level 10 in Shields
  1718 | D        | Found a transporter.
  1838 | D        | Entered arena 15.
  1839 | D        | Noticed a spark wasp
  1840 | D        | Noticed a wolf spider
  1841 | D        | Killed a wolf spider
  1841 | D        | Reached XP level 12. HP: 110/110 MP: 27/27
  1841 | D        | Killed a spark wasp
  1844 | D        | Found the +7 sceptre of Torment {pain, torment}
  1862 | D        | Found a transporter.
  1989 | D        | Entered arena 16.
  1993 | D        | Noticed a reaper
  2005 | D        | Killed a reaper
  2009 | D        | Found the +0 mask of the Dragon {MR+ Slay+3 SInv}
  2009 | D        | Found a transporter.
  2040 | D        | Got Uras's Disquisition on Ashen Cold
  2056 | D        | Entered arena 17.
  2059 | D        | Noticed a vampire knight
  2059 | D        | Noticed a lich
  2060 | D        | Noticed a vampire knight
  2061 | D        | Killed a lich
  2061 | D        | Killed a vampire knight
  2061 | D        | Killed a vampire knight
  2062 | D        | Noticed a vampire mage
  2065 | D        | Killed a vampire mage
  2066 | D        | Found a transporter.
  2107 | D        | Entered arena 18.
  2109 | D        | Noticed a hell hog
  2109 | D        | Noticed a hell hog
  2110 | D        | Noticed a fire dragon
  2110 | D        | Noticed a hell hog
  2111 | D        | Gained mutation: You have hoof-like feet. [demonic
                  | ancestry]
  2111 | D        | Reached XP level 13. HP: 104/120 MP: 25/30
  2111 | D        | Killed a fire dragon
  2111 | D        | Killed a fire dragon
  2112 | D        | Noticed a fire dragon
  2114 | D        | Killed a fire dragon
  2121 | D        | Killed a fire dragon
  2121 | D        | Reached skill level 27 in Invocations
  2128 | D        | Found the +8 autumn katana {slice, Clar}
  2128 | D        | Found a transporter.
  2299 | D        | Learned a level 3 spell: Teleport Other
  2301 | D        | Learned a level 1 spell: Summon Small Mammal
  2305 | D        | Entered arena 19.
  2308 | D        | Noticed an acid blob
  2310 | D        | Killed an acid blob
  2310 | D        | Reached skill level 5 in Dodging
  2390 | D        | Found a transporter.
  2587 | D        | Entered arena 20.
  2593 | D        | Noticed a blizzard demon
  2594 | D        | Reached skill level 5 in Summonings
  2594 | D        | Killed a blizzard demon
  2597 | D        | Found a transporter.
  2649 | D        | Identified a +0 pair of boots of running (You found it in
                  | the Dungeon)
  2661 | D        | Got the Catalogue of the Carpenter
  2674 | D        | Entered arena 21.
  2677 | D        | Noticed a deep elf blademaster
  2678 | D        | Noticed a deep elf blademaster
  2679 | D        | Noticed a deep elf annihilator
  2679 | D        | Noticed a deep elf master archer
  2679 | D        | Noticed a deep elf master archer
  2680 | D        | Reached skill level 15 in Shields
  2680 | D        | Killed a deep elf master archer
  2680 | D        | Reached skill level 10 in Dodging
  2680 | D        | Gained mutation: You are completely attuned to the shadows.
                  | [demonic ancestry]
  2680 | D        | Reached XP level 14. HP: 131/131 MP: 31/31
  2680 | D        | Killed a deep elf blademaster
  2680 | D        | Killed a deep elf master archer
  2680 | D        | Killed a deep elf blademaster
  2680 | D        | Reached skill level 10 in Summonings
  2680 | D        | Killed a deep elf sorcerer
  2681 | D        | Killed a deep elf blademaster
  2685 | D        | Identified the ring of Tender Moments {rN+ Slay+2 SInv}
  2685 | D        | Noticed a deep elf master archer
  2686 | D        | Killed a deep elf master archer
  2695 | D        | Found a transporter.
  2704 | D        | Got the +0 pair of boots of the Pirate {rF+ rCorr}
  2788 | D        | Got the Collected Works on Self-Improvement and the Oath
  2797 | D        | Entered arena 22.
  2798 | D        | Noticed a vampire knight
  2802 | D        | Identified the +0 robe of Nyxeruu {MR- Slay+5}
  2802 | D        | Noticed a lich
  2802 | D        | Noticed a lich
  2802 | D        | Identified the +6 broad axe of the Inferno {drain, rC+
                  | Stlth+}
  2803 | D        | Noticed a ghoul
  2804 | D        | Killed a ghoul
  2804 | D        | Killed a ghoul
  2804 | D        | Reached skill level 15 in Conjurations
  2804 | D        | Killed a lich
  2804 | D        | Noticed a lich
  2806 | D        | Killed a lich
  2808 | D        | Killed a lich
  2824 | D        | Killed a vampire knight
  2830 | D        | Found a transporter.
  2918 | D        | Entered arena 23.
  2926 | D        | Noticed a reaper
  2927 | D        | Noticed a reaper
  2928 | D        | Reached XP level 15. HP: 143/143 MP: 32/32
  2928 | D        | Reached skill level 5 in Spellcasting
  2928 | D        | Noticed a Hell Sentinel
  2939 | D        | Identified the ring of Meraffuv {rF+ Stlth+}
  2954 | D        | Killed a Hell Sentinel
  2964 | D        | Found a transporter.
  3024 | D        | Got the Grimoire of Quantum Arcane Weapons
  3167 | D        | Learned a level 7 spell: Spellforged Servitor
  3207 | D        | Entered arena 24.
  3214 | D        | Identified the +3 leather armour "Tol Sax" {Str+3 SInv
                  | Stlth+}
  3215 | D        | Reached skill level 15 in Summonings
  3217 | D        | Identified the cursed +1 spear "Cirreine" {freeze, *Drain
                  | rF+ Str+6}
  3218 | D        | Identified the ring "Puduirurch" {rC+++ Str-5 Int+3 Dex+2
                  | SInv}
  3220 | D        | Reached skill level 10 in Spellcasting
  3244 | D        | Found the +8 glaive of the Guard {elec, +Rage AC+5 SInv}
  3247 | D        | Found a transporter.
  3556 | D        | Entered arena 25.
  3564 | D        | Noticed a titan
  3565 | D        | Noticed a shard shrike
  3566 | D        | Noticed a titan
  3566 | D        | Noticed a shard shrike
  3566 | D        | Noticed a titan
  3566 | D        | a shard shrike changed into a titan
  3566 | D        | Noticed a shard shrike
  3567 | D        | Killed a shard shrike
  3567 | D        | Gained mutation: Your movements are less encumbered by
                  | armour. (ER -4) [demonic ancestry]
  3567 | D        | Reached XP level 16. HP: 160/160 MP: 33/33
  3567 | D        | Killed a shard shrike
  3567 | D        | Killed a shard shrike
  3567 | D        | Noticed a juggernaut
  3568 | D        | Noticed a titan
  3568 | D        | a titan changed into an iron dragon
  3568 | D        | Noticed a shard shrike
  3568 | D        | a juggernaut changed into a shard shrike
  3569 | D        | Noticed a juggernaut
  3569 | D        | a shard shrike changed into a juggernaut
  3570 | D        | Killed a juggernaut
  3570 | D        | Killed a titan
  3570 | D        | Killed a titan
  3570 | D        | Killed a titan
  3571 | D        | Found a transporter.
  3571 | D        | Noticed a shadow dragon
  3571 | D        | an iron dragon changed into a shadow dragon
  3574 | D        | Noticed a juggernaut
  3575 | D        | Killed a juggernaut
  3576 | D        | Reached skill level 27 in Fighting
  3576 | D        | Killed a titan
  3576 | D        | Killed a shadow dragon
  3752 | D        | Learned a level 2 spell: Swiftness
  3756 | D        | Entered arena 26.
  3765 | D        | Noticed Rairgh the pandemonium lord
  3765 | D        | Noticed Akar the pandemonium lord
  3765 | D        | Noticed Cueget the pandemonium lord
  3765 | D        | Noticed Mipobuescha the pandemonium lord
  3766 | D        | Noticed Luighorph the pandemonium lord
  3766 | D        | Noticed Ludgh the pandemonium lord
  3766 | D        | Noticed Qywneb the pandemonium lord
  3766 | D        | Noticed Ocomuxuc the pandemonium lord
  3766 | D        | Noticed an Ice Fiend
  3766 | D        | Noticed Vifoffos the pandemonium lord
  3766 | D        | Noticed Jijuwi the pandemonium lord
  3767 | D        | Noticed Hoshug the pandemonium lord
  3767 | D        | Noticed Wetwuot the pandemonium lord
  3767 | D        | Noticed Ryecrute the pandemonium lord
  3767 | D        | Noticed Rewnoit the pandemonium lord
  3767 | D        | Noticed Maduonymn the pandemonium lord
  3767 | D        | Noticed Dythuepp the pandemonium lord
  3768 | D        | Noticed a Hell Sentinel
  3768 | D        | Reached skill level 1 in Armour
  3768 | D        | Reached skill level 5 in Armour
  3768 | D        | Killed an Ice Fiend
  3768 | D        | Gained mutation: You have hooves in place of feet. [demonic
                  | ancestry]
  3768 | D        | Reached XP level 17. HP: 166/174 MP: 32/35
  3768 | D        | Reached skill level 10 in Armour
  3768 | D        | Killed Jijuwi the pandemonium lord
  3768 | D        | Killed Qywneb the pandemonium lord
  3768 | D        | Killed Canyuf the pandemonium lord
  3768 | D        | Killed Ruashroij the pandemonium lord
  3768 | D        | Killed Dythuepp the pandemonium lord
  3768 | D        | Killed Ticzaank the pandemonium lord
  3768 | D        | Killed Ocomuxuc the pandemonium lord
  3768 | D        | Killed Maduonymn the pandemonium lord
  3768 | D        | Killed Luighorph the pandemonium lord
  3768 | D        | Gained mutation: You are robust. (+10% HP) [demonic
                  | ancestry]
  3768 | D        | Reached XP level 18. HP: 166/200 MP: 32/36
  3768 | D        | Noticed Sood the pandemonium lord
  3768 | D        | Noticed Comapteir the pandemonium lord
  3768 | D        | Noticed Ruppo the pandemonium lord
  3768 | D        | Noticed Enody the pandemonium lord
  3769 | D        | Noticed Muxenoz the pandemonium lord
  3769 | D        | Killed Muxenoz the pandemonium lord
  3769 | D        | Noticed Xesojioh the pandemonium lord
  3770 | D        | Noticed an Ice Fiend
  3770 | D        | Noticed Dopuduq the pandemonium lord
  3775 | D        | Killed Ludgh the pandemonium lord
  3775 | D        | Killed Vifoffos the pandemonium lord
  3775 | D        | Killed Mipobuescha the pandemonium lord
  3775 | D        | Killed Hoshug the pandemonium lord
  3775 | D        | Killed Rewnoit the pandemonium lord
  3775 | D        | Reached skill level 27 in Armour
  3775 | D        | Killed Dopuduq the pandemonium lord
  3775 | D        | Killed Comapteir the pandemonium lord
  3775 | D        | Reached skill level 27 in Shields
  3775 | D        | Reached skill level 15 in Dodging
  3775 | D        | Gained mutation: You are very robust. (+20% HP) [demonic
                  | ancestry]
  3775 | D        | Reached XP level 19. HP: 67/226 MP: 16/37
  3775 | D        | Killed Ryecrute the pandemonium lord
  3777 | D        | Killed Wetwuot the pandemonium lord
  3777 | D        | Killed Akar the pandemonium lord
  3777 | D        | Killed Cueget the pandemonium lord
  3777 | D        | Killed Sood the pandemonium lord
  3777 | D        | Killed Ruanics the pandemonium lord
  3777 | D        | Killed Rairgh the pandemonium lord
  3780 | D        | Noticed Atiarapt the pandemonium lord
  3781 | D        | Killed Enody the pandemonium lord
  3781 | D        | Killed Ruppo the pandemonium lord
  3781 | D        | Killed Riyres the pandemonium lord
  3781 | D        | Killed Xesojioh the pandemonium lord
  3781 | D        | Reached skill level 27 in Dodging
  3781 | D        | Reached skill level 1 in Charms
  3782 | D        | Noticed Hibeock the pandemonium lord
  3786 | D        | Killed Hibeock the pandemonium lord
  3786 | D        | Reached skill level 15 in Spellcasting
  3786 | D        | Reached XP level 20. HP: 86/236 MP: 36/39
  3786 | D        | Killed Atiarapt the pandemonium lord
  3786 | D        | Reached skill level 5 in Charms
  3786 | D        | Reached skill level 10 in Necromancy
  3792 | D        | Found a transporter.
  4184 | D        | Learned a level 2 spell: Blink
  4200 | D        | Entered arena 27.
  4214 | D        | Reached skill level 10 in Staves
  4214 | D        | Reached skill level 15 in Necromancy
  4218 | D        | Found the +8 arc blade {discharge, rElec}
  4242 | D        | Found a transporter.
  4275 | D        | Reached skill level 10 in Charms
  4371 | D        | Entered arena 28.
  4386 | D        | Identified the cursed +3 flail "Plog" {drain, Dex+2}
  4388 | D        | Reached skill level 15 in Staves
  4388 | D        | Identified the +6 plate armour "Qitt" {rN++ MR+ Stlth-}
  4390 | D        | Identified the +9 rapier of the Mouth {vamp, Int+2 Dex+4
                  | SInv}
  4391 | D        | Identified the amulet "Koutz" {Spirit rN+}
  4392 | D        | Found a transporter.
  4393 | D        | Reached skill level 15 in Charms
  4394 | D        | Identified the amulet "Esuv" {Regen+ Dex+3}
  4399 | D        | Identified the +4 plate armour of Wusul {rC+}
  4399 | D        | Identified the +3 battleaxe of Trial by Ordeal {chaos,
                  | Dex+2}
  4400 | D        | Reached XP level 21. HP: 188/244 MP: 23/45
  4570 | D        | Got the +2 helmet "Daukec Wiw" {MR+ Regen+}
  4681 | D        | Got the Orb of Zot
  4686 | D        | Escaped with the Orb!

Skill      XL: |  1  2  3  4  5  6  7  8  9 10 11 12 13 14 15 16 17 18 19 20 21 |
---------------+----------------------------------------------------------------+-----
Staves         | 6 8 16 17 | 17.3
Fighting       | 2 5 7 9 11 12 14 15 17 18 20 24 27 | 27.0
Invocations    | 3 6 9 11 12 14 17 20 23 26 27 | 27.0
Conjurations   | 4 6 8 9 10 12 15 18 20 | 20.9
Shields        | 3 7 10 12 15 16 21 27 | 27.0
Dodging        | 10 14 15 27 | 27.0
Summonings     | 7 13 16 19 24 | 24.3
Spellcasting   | 11 14 15 20 | 20.8
Armour         | 8 22 27 | 27.0
Charms         | 4 15 16 | 16.3
Necromancy     | 8 15 | 15.0
Stealth        | |  1.7
Translocations | |  0.8

Action                   |  1- 3 |  4- 6 |  7- 9 | 10-12 | 13-15 | 16-18 | 19-21 || total
-------------------------+-------+-------+-------+-------+-------+-------+-------++-------
Melee: Staff             |    24 |    13 |    44 |    12 |    55 |     2 |    22 ||   172
       Kick              |     6 |     5 |    10 |       |     6 |       |     9 ||    36
 Cast: Magic Dart        |       |       |     4 |       |       |       |       ||     4
       Spellforged Servi |       |       |       |       |     1 |       |     2 ||     3
       Swiftness         |       |       |       |       |       |     1 |     3 ||     4
       Teleport Other    |       |       |       |       |       |       |     1 ||     1
Invok: Upheaval          |       |       |     9 |    13 |     5 |     1 |     3 ||    31
       Disaster Area     |       |       |       |     6 |     8 |     4 |     9 ||    27
       Elemental Force   |       |       |       |     1 |     8 |       |     4 ||    13
Evoke: Lightning rod     |       |       |       |     2 |       |       |       ||     2
  Use: Potion            |    10 |       |     6 |       |     4 |     2 |    13 ||    35
 Stab: Invisible         |     2 |     1 |       |       |       |       |     2 ||     5
       Distracted        |       |       |       |       |     1 |       |     1 ||     2
  Eat: Chunk             |       |       |     1 |     2 |       |       |     3 ||     6
       Ration            |       |       |       |       |     2 |       |       ||     2
Armor: Robe              |       |       |     3 |       |       |       |       ||     3
Dodge: Dodged            |     6 |       |     7 |       |     6 |     2 |     9 ||    30
       Deflected         |       |       |       |       |     1 |       |       ||     1
Block: Shield            |    45 |    11 |    41 |    43 |    96 |    17 |    76 ||   329
       Reflection        |       |       |       |     6 |       |     1 |     4 ||    11

Levels and vault maps discovered:
D:        sprint_v [room_start, room_1, room_2, room_3, room_4, room_5, room_6,
          room_7, room_8, room_9, room_10, room_11, room_12, room_13, room_14,
          room_15, room_16, room_17, room_18, room_19, room_20, room_21,
          room_22, room_23, room_24, room_25, room_26, room_27]
